 Dungeon Crawl Stone Soup version 0.28-a0-657-g71136c5590 (webtiles) character file.

Game seed: 17367217419663063133

159 Rennog the Ducker (level 5, -1/55 HPs)
             Began as an Octopode Fighter on Oct 13, 2021.
             Was a Believer of Trog.
             Slain by an orc (6 damage)
             ... on level 4 of the Dungeon.
             The game lasted 00:03:24 (3396 turns).

Rennog the Ducker (Octopode Fighter)                Turns: 3396, Time: 00:03:24

Health: -1/55      AC:  1    Str: 17    XL:     5   Next: 40%
Magic:  5/5        EV: 11    Int: 10    God:    Trog [**....]
Gold:   202        SH:  8    Dex: 11    Spells: 4/4 levels left

rFire   . . .      SeeInvis .   a - +0 rapier
rCold   . . .      Faith    .   d - +0 kite shield
rNeg    . . .      Spirit   .   (helmet restricted)
rPois   .          Reflect  .   (no amulet)
rElec   .          Harm     .   (no ring)
rCorr   .          Rampage  .   (no ring)
Will    .....                   (no ring)
Stlth   ..........              (no ring)
HPRegen 0.18/turn               (no ring)
MPRegen 0.09/turn               (no ring)
                                (no ring)
                                (no ring)

@: berserking, very quick
A: almost no armour, amphibious, 8 rings, camouflage 1, gelatinous body 1,
(nimble swimmer 1), tentacles
a: Renounce Religion, Berserk, Trog's Hand


You were on level 4 of the Dungeon.
You worshipped Trog.
Trog was pleased with you.
You visited 1 branch of the dungeon, and saw 4 of its levels.

You collected 202 gold pieces.

Inventory:

Hand Weapons
 a - a +0 rapier (weapon)
Missiles
 g - 19 poisoned darts (quivered)
Armour
 b - a +0 buckler
 d - a +0 kite shield (worn)
Wands
 o - a wand of iceblast (7)
Scrolls
 e - a scroll of fear {unknown}
 f - a scroll of blinking {unknown}
 h - a scroll of acquirement {unknown}
 j - a scroll of fog {unknown}
 l - a scroll of vulnerability {unknown}
 n - a scroll of immolation {unknown}
Potions
 c - a potion of might
 i - a potion of haste {unknown}
 k - a potion of heal wounds {unknown}
 m - a potion of curing {unknown}


   Skills:
 * Level 4.1 Fighting
 - Level 2.0 Short Blades
 * Level 4.1 Dodging
 + Level 2.8 Stealth
 + Level 3.5 Shields


You had 4 spell levels left.
You didn't know any spells.
Your spell library was empty.

Dungeon Overview and Level Annotations

Branches:
Dungeon (4/15)
 Temple: D:4-7

Altars:
Trog


Innate Abilities, Weirdness & Mutations

You cannot wear most types of armour.
You are amphibious.
You can wear up to eight rings at the same time.
Your skin changes colour to match your surroundings (Stealth+).
Your rubbery body absorbs attacks. (AC +1, EV +1)
((You are camouflaged near water. (Stealth+)))
You have tentacles for arms and can constrict up to eight enemies at once.


Message History

You completely miss the orc. Your grab misses the orc.
The orc is heavily wounded.
You block the orc's attack. The orc hits you with a +0 mace!
You barely miss the orc. Your grab misses the orc.
The orc is heavily wounded.
You block the orc's attack.
You barely miss the orc. You grab the orc.
The orc is heavily wounded.
You constrict the orc. You block the orc's attack.
The orc hits you from afar with a +0 trident.
You hit the orc but do no damage.
The orc is almost dead.
You constrict the orc.
You kill the orc!
Trog accepts your kill.
The orc hits you from afar with a +0 trident!
* * * LOW HITPOINT WARNING * * *
A red film seems to cover your vision as you go berserk!
You feel yourself moving faster!
You feel mighty! You block the orc's attack.
The orc hits you with a +0 hand axe.
* * * LOW HITPOINT WARNING * * *
You puncture the orc!
You feel the power of Trog in you as your rage grows.
You kill the orc!
Trog accepts your kill.
The orc hits you from afar with a +0 trident.
* * * LOW HITPOINT WARNING * * *
Items here: ))) [ †.
You puncture the orc!
You kill the orc!
Trog accepts your kill.
The orc throws a boomerang.
You block the boomerang.
There is an open door here.
Things that are here:
a +0 trident; an orc corpse You feel a strong urge to attack something.
The orc closely misses you.
You closely miss the orc. You grab the orc. You constrict the orc.
The orc hits you with a +0 hand axe.
You die...

#.........# #......
#.........#####......
#####'##.........#'##
#....#.........#...
#....#.........#...
#....#.........#...
.########.#.........#'##
........#)###...........
......o@)...#...........
........#...#...........
........#...#...........
........#####...........
................########
................
...............
...............
...............


You could see an orc.

Vanquished Creatures
  A scorpion (D:4)
  2 adders
  2 dart slugs (D:1)
  5 orcs
  13 endoplasms
  8 giant cockroaches
  7 goblins
  3 hobgoblins
  2 quokkas
  6 ball pythons (D:1)
  9 bats
  3 frilled lizards
  4 kobolds (D:1)
  4 rats
69 creatures vanquished.

Vanquished Creatures (others)
  A fungus (D:1)
  2 plants (D:1)
3 creatures vanquished.

Grand Total: 72 creatures vanquished

Notes
Turn   | Place    | Note
-------+----------+-------------------------------------------
     0 | D:1      | Rennog the Octopode Fighter began the quest for the Orb.
     0 | D:1      | Reached XP level 1. HP: 16/16 MP: 1/1
    39 | D:1      | Reached XP level 2. HP: 15/21 MP: 2/2
   183 | D:1      | Reached skill level 1 in Stealth
   189 | D:1      | Found a faded altar of an unknown god.
   377 | D:1      | Prayed at the altar of an unknown god.
   377 | D:1      | Became a worshipper of Trog the Wrathful
   377 | D:1      | Reached * piety under Trog
   492 | D:1      | Reached XP level 3. HP: 7/26 MP: 3/3
  1744 | D:2      | Reached XP level 4. HP: 20/33 MP: 4/4
  1744 | D:2      | Reached ** piety under Trog
  3258 | D:4      | Noticed a scorpion
  3266 | D:4      | Killed a scorpion
  3267 | D:4      | Reached XP level 5. HP: 29/37 MP: 5/5
  3396 | D:4      | Slain by an orc

Illustrated notes

Levels and vault maps discovered:
D:1:      mushboom_english_gardens, layout_basic,
          dreamdust_ecumenical_altar_grove, minmay_small_reverse_x
D:2:      layout_basic, minmay_door_square, mrwooster_statue_mirror
D:3:      layout_loops_ring, minmay_misc_feat_columns
D:4:      layout_gridville

Skill      XL: |  1  2  3  4 |
---------------+-------------+-----
Stealth        | 1 2 |  2.8
Fighting       | 4 |  4.1
Dodging        | 4 |  4.1
Short Blades   | |  2.0
Shields        | |  3.5

Action                   |  1- 3 |  4- 6 || total
-------------------------+-------+-------++-------
Melee: Rapier            |    67 |    56 ||   123
       Constrict         |    13 |    13 ||    26
       Tentacles         |    11 |     7 ||    18
Invok: Berserk           |     2 |     1 ||     3
 Stab: Sleeping          |    10 |     9 ||    19
Armor: Skin              |     3 |     5 ||     8
Dodge: Dodged            |    30 |    18 ||    48
Block: Kite shield       |    19 |    28 ||    47

Table legend: (Time is in decaauts)
 A = Elapsed time spent in this place.
 B = Non-inter-level travel time spent in this place.
 C = Inter-level travel time spent in this place.
 D = Time resting spent in this place.
 E = Time spent auto-exploring this place.
 F = Levels seen in this place.
 G = Mean time per level.
                   A        B        C        D        E       F      G
               +--------+--------+--------+--------+--------+-----+--------+
         Total |   3451 |   3364 |     87 |     43 |   2869 |   4 |  862.8 |
       Dungeon |   3451 |   3364 |     87 |     43 |   2869 |   4 |  862.8 |
               +--------+--------+--------+--------+--------+-----+--------+

Top non-repeatable levels by time:
     D:1: 1466 daAuts
     D:2: 996 daAuts
     D:3: 669 daAuts
     D:4: 319 daAuts
